 Dungeon Crawl Stone Soup version 0.29.0-13-gc9e81de378 (webtiles) character file.

Game seed: 14678392073302840630

14855 xian the Thaumaturge (level 11, -1/85 HPs)
             Began as a Purple Draconian Fire Elementalist on Sept 9, 2022.
             Was the Champion of Okawaru.
             Slain by a polar bear (11 damage)
             ... on level 1 of the Lair of Beasts on Sept 10, 2022.
             The game lasted 00:46:02 (14912 turns).

xian the Thaumaturge (DrFE)                        Turns: 14912, Time: 00:46:03

Health: -1/85      AC: 17    Str: 10    XL:     11   Next: 94%
Magic:  2/25       EV: 13    Int: 27    God:    Okawaru [******]
Gold:   1279       SH:  6    Dex: 12    Spells: 23/30 levels left

rFire   . . .      SeeInvis .   t - +8 sling of Pisaon {flame, rPois}
rCold   . . .      Faith    .   d - +0 buckler of Delifob {Int+7}
rNeg    . . .      Spirit   .   (body armour unavailable)
rPois   +          Reflect  .   (helmet restricted)
rElec   .          Harm     .   (no cloak)
rCorr   .          Rampage  .   G - +0 pair of gloves
Will    +....                   n - +0 pair of boots
Stlth   ++........              f - amulet of the acrobat
HPRegen 0.24/turn               j - ring of flight
MPRegen 0.19/turn               u - ring of the Tortoise {AC+8}

@: flying
A: breathe power, AC +7, unfitting armour, cold-blooded
a: Breathe Dispelling Energy, Renounce Religion, Heroism, Finesse, Duel


You were on level 1 of the Lair of Beasts.
You worshipped Okawaru.
Okawaru was exalted by your worship.
You visited 3 branches of the dungeon, and saw 11 of its levels.
You also visited: Sewer and Ossuary.

You collected 1345 gold pieces.
You spent 66 gold pieces at shops.

Inventory:

Hand Weapons
 a - the +4 mace "Paguxang" {vorpal, *Noise rCorr MP+9 Dex+9}
   (You took it off a centaur on level 9 of the Dungeon)

   It inflicts extra damage upon your enemies.
   Dex:       It affects your dexterity (+9).
   MP:        It affects your magic capacity (+9).
   *Noise:    It may make noises in combat.
   rCorr:     It protects you from acid and corrosion.
 t - the +8 sling of Pisaon (weapon) {flame, rPois}
   (You found it on level 10 of the Dungeon)

   Any ammunition fired from it burns those it strikes, dealing additional fire
   damage.
   rPois:     It protects you from poison.
 w - a +1 dagger of venom
Armour
 d - the +0 buckler of Delifob (worn) {Int+7}
   (You acquired it on level 7 of the Dungeon)

   Int:       It affects your intelligence (+7).
 n - a +0 pair of boots (worn)
 G - a +0 pair of gloves (worn)
Jewellery
 f - an amulet of the acrobat (around neck)
 j - a ring of flight (left hand)
 u - the ring of the Tortoise (right hand) {AC+8}
   (You found it on level 3 of the Dungeon)

   [ring of protection]

   AC:        It affects your AC (+8).
 A - a ring of magical power
 I - an amulet of reflection
Wands
 v - a wand of paralysis (4)
 H - a wand of flame (15)
Scrolls
 b - 2 scrolls of enchant armour {unknown}
 c - 5 scrolls of immolation
 g - 6 scrolls of teleportation
 k - 2 scrolls of silence
 m - 2 scrolls of blinking
 p - 3 scrolls of magic mapping
 q - a scroll of fog
 y - a scroll of poison {unknown}
 C - 2 scrolls of fear {unknown}
 F - a scroll of vulnerability {unknown}
 J - a scroll of enchant weapon {unknown}
Potions
 e - 6 potions of ambrosia {unknown}
 h - 4 potions of cancellation
 i - 4 potions of berserk rage {unknown}
 l - 3 potions of brilliance {unknown}
 o - a potion of resistance
 r - 3 potions of haste {unknown}
 s - 2 potions of lignification {unknown}
 x - 5 potions of flight {unknown}
 z - 2 potions of attraction {unknown}
 B - 2 potions of mutation {unknown}
 D - 4 potions of degeneration {unknown}
 E - 2 potions of heal wounds {unknown}


   Skills:
 + Level 4.4 Fighting
 + Level 5.2 Short Blades
 + Level 2.9 Ranged Weapons
 + Level 6.1 Dodging
 + Level 4.1 Stealth
 * Level 7.7 Shields
 + Level 10.1 Spellcasting
 + Level 8.1 Conjurations
 + Level 8.7 Fire Magic
 + Level 0.1 Invocations
 + Level 0.5 Evocations


You had 23 spell levels left.
You knew the following spells:

 Your Spells              Type           Power      Damage    Failure   Level
a - Foxfire               Conj/Fire      100%       2x1d9     1%          1
b - Scorch                Fire           100%       2d10      1%          2
c - Flame Wave            Conj/Fire      56%        2d13      1%          4

Your spell library contained the following spells:

 Spells                   Type           Power      Damage    Failure   Level
 Conjure Flame            Conj/Fire      56%        6-21      1%          3
 Inner Flame              Hex/Fire       37%        N/A       2%          3
 Blink                    Tloc           26%        N/A       8%          2
 Portal Projectile        Hex/Tloc       26%        N/A       16%         3
 Leda's Liquefaction      Hex/Erth       6%         N/A       45%         4
 Manifold Assault         Tloc           13%        N/A       82%         5
 Storm Form               Tmut/Air       6%         N/A       100%        7
 Call Canine Familiar     Summ           Unusable   N/A       N/A         3

Dungeon Overview and Level Annotations

Branches:
Dungeon (10/15)            Temple (1/1) D:4            Lair (1/5) D:8
    Orc (0/2) D:9           Sewer (visited)         Ossuary (visited)

Altars:
Ashenzari
Cheibriados
Dithmenos
Elyvilon
Fedhas
Gozag
Hepliaklqana
Kikubaaqudgha
Makhleb
Nemelex Xobeh
Okawaru
Qazlal
Ru
Sif Muna
Trog
Uskayaw
Vehumet
Wu Jian
Xom
Yredelemnul
Zin
The Shining One
Lugonu

Shops:
D:2 *   D:7 (

Annotations:
D:3 2 transporters, Ofeo's ghost, weakling MeCj
D:6 2 transporters
D:7 2 transporters


Innate Abilities, Weirdness & Mutations

You can breathe bolts of dispelling energy.
Your rich purple scales are hard. (AC +7)
You cannot fit into any form of body armour.
You are cold-blooded and may be slowed by cold attacks.


Message History

Unknown command.
Fire: t) +8 sling of Pisaon {flame, rPois}
Press: ? - help, Q - select action, (/) - cycle Shift-Dir - straight line, f - polar bear
Aim: a polar bear (severely wounded, 73% to hit)
You shoot a sling bullet. The sling bullet hits the polar bear.
The sling bullet burns the polar bear.
The polar bear is severely wounded.
Fire: t) +8 sling of Pisaon {flame, rPois}
Press: ? - help, Q - select action, (/) - cycle Shift-Dir - straight line, f/p - polar bear
Aim: a polar bear (severely wounded, 73% to hit)
You shoot a sling bullet.
The sling bullet barely misses the polar bear.
The polar bear goes berserk!
Fire: t) +8 sling of Pisaon {flame, rPois}
Press: ? - help, Q - select action, (/) - cycle Shift-Dir - straight line, f/p - polar bear
Aim: a polar bear (severely wounded, berserk, 73% to hit)
You shoot a sling bullet. The sling bullet hits the polar bear.
The sling bullet burns the polar bear.
The polar bear is severely wounded.
Casting: Foxfire (safe; 1% risk of failure)
Confirm with . or Enter, or press ? or * to list all spells.
Okay, then.
Aiming: Breathe Dispelling Energy (3% risk of failure)
Press: ? - help, Shift-Dir - straight line, f/p - polar bear
Aim: a polar bear (severely wounded, berserk, 65% to hit)
You fail to use your ability.
The polar bear closely misses you.
The polar bear claws you but does no damage.
The polar bear claws you.
* * * LOW HITPOINT WARNING * * *
The polar bear bites you!
You die...

#### #### ###
#####...#.#.#.###.##########
............................##
.........#.........#.#....#..
.........#...........#....#.#
†§......(..........#.#....#.#
................@h.#........#
#...##...#..................#
#.#.#.......................#
#.#.#......##...............#
..#........##..........##...#
..#.##......#....#.....##...#
............#....P.....##.#.#
..#...........P#...#...##.#.#
..††..........##.#.#...##.P.#


You could see a polar bear (berserk).

Vanquished Creatures
  A two-headed ogre (D:9)
  Lodul (D:10)
  A cane toad (Lair:1)
  A kobold demonologist (D:9)
  2 komodo dragons (Lair:1)
  An unseen horror (D:10)
  2 polar bears (Lair:1)
  A troll (D:9)
  2 hornets
  Prince Ribbit (D:7)
  A shadow (D:9)
  3 wyverns
  15 yaks
  A steam dragon (D:7)
  3 basilisks (D:8)
  Menkaure (Ossuary)
  3 vampire mosquitoes (D:10)
  Duvessa (D:7)
  An acid dragon (D:9)
  8 water moccasins
  2 ice beasts
  8 orc warriors
  2 sky beasts
  5 black bears (Lair:1)
  8 ogres
  4 wolves (D:8)
  9 centaurs
  A phantom (D:4)
  8 kobold brigands
  3 bullfrogs
  A gnoll sergeant (D:9)
  16 wights
  Dowan (D:7)
  4 howler monkeys
  2 electric eels
  6 orc priests
  4 hounds
  2 jellies
  5 iguanas
  13 orc wizards
  3 mummies (Ossuary)
  6 gnolls (D:9)
  5 adders
  7 river rats
  A shadow imp (D:7)
  An ufetubus (D:7)
  2 worms
  A dart slug (D:3)
  44 orcs
  16 ball pythons
  12 endoplasms
  3 giant cockroaches
  4 gnoll zombies (Ossuary)
  8 goblins
  8 hobgoblins
  A jackal (D:1)
  A quokka (D:3)
  5 bats
  6 gnoll skeletons (Ossuary)
  4 goblin skeletons (Ossuary)
  2 goblin zombies (Ossuary)
  3 hobgoblin skeletons (Ossuary)
  2 hobgoblin zombies (Ossuary)
  21 kobolds
  2 kobold skeletons (Ossuary)
  2 kobold zombies (Ossuary)
  3 orc skeletons (Ossuary)
  6 orc zombies (Ossuary)
  13 rats
  7 rat skeletons (Ossuary)
  9 rat zombies (Ossuary)
362 creatures vanquished.

Vanquished Creatures (collateral kills)
  8 foxfires
8 creatures vanquished.

Vanquished Creatures (others)
  921 foxfires
  A fungus (Lair:1)
  17 plants
939 creatures vanquished.

Grand Total: 1309 creatures vanquished

Notes
Turn   | Place    | Note
-------+----------+-------------------------------------------
     0 | D:1      | xian the Draconian Fire Elementalist began the quest for
                  | the Orb.
     0 | D:1      | Reached XP level 1. HP: 14/14 MP: 3/3
   326 | D:1      | Found a faded altar of an unknown god.
   370 | D:1      | Reached XP level 2. HP: 20/20 MP: 0/5
   444 | D:1      | Learned a level 2 spell: Scorch
  1236 | D:2      | Reached XP level 3. HP: 26/26 MP: 3/6
  2347 | D:2      | Found Fisas's Assorted Antiques.
  2356 | D:2      | Bought a scroll labelled PUHINA KUXO for 24 gold pieces
  2356 | D:2      | Bought a purple potion for 21 gold pieces
  2356 | D:2      | Bought a smoky inky potion for 21 gold pieces
  3069 | D:3      | Reached XP level 4. HP: 33/33 MP: 8/8
  3088 | D:3      | Found the ring of the Tortoise {AC+8}
  3190 | D:3      | Found a transporter.
  3191 | D:3      | Noticed Ofeo's ghost (weakling MeCj)
  3200 | D:3      | Noticed an ogre
  3201 | D:3      | Found a transporter.
  3201 | D:3      | Noticed an ogre
  3209 | D:3      | Noticed an ogre
  3992 | D:4      | Reached skill level 3 in Spellcasting
  4134 | D:4      | Found a staircase to the Ecumenical Temple.
  4143 | Temple   | Entered the Ecumenical Temple
  4169 | Temple   | Became a worshipper of Warmaster Okawaru
  4310 | D:4      | Reached XP level 5. HP: 19/33 MP: 2/9
  4697 | D:4      | Found a stormy altar of Qazlal.
  4737 | D:4      | Found a basalt altar of Yredelemnul.
  4737 | D:4      | Found an ornate altar of the Wu Jian Council.
  4748 | D:4      | Found a glowing silver altar of Zin.
  4750 | D:4      | Found an ancient bone altar of Kikubaaqudgha.
  4752 | D:4      | Found a white marble altar of Elyvilon.
  4851 | D:4      | Noticed a phantom
  4869 | D:4      | Killed a phantom
  4971 | D:4      | You are sucked into a shaft and drop 2 floors!
  5008 | D:6      | Found a transporter.
  5124 | D:6      | Reached skill level 1 in Short Blades
  5136 | D:6      | Found a glowing drain.
  5146 | D:6      | Reached XP level 6. HP: 28/46 MP: 1/11
  5156 | Sewer    | Entered a sewer
  5643 | Sewer    | Reached * piety under Okawaru
  5644 | Sewer    | Reached skill level 1 in Fighting
  5644 | Sewer    | Reached skill level 4 in Spellcasting
  5895 | Sewer    | Your scales start taking on a rich purple colour.
  5895 | Sewer    | Reached XP level 7. HP: 52/52 MP: 11/14
  6012 | Sewer    | Reached skill level 5 in Spellcasting
  6012 | Sewer    | Reached skill level 5 in Fire Magic
  6306 | D:6      | Found a transporter.
  6860 | D:6      | Learned a level 4 spell: Flame Wave
  6933 | D:6      | Reached skill level 6 in Spellcasting
  6933 | D:6      | Reached XP level 8. HP: 50/59 MP: 6/17
  7190 | D:7      | Found a sand-covered staircase.
  7195 | Ossuary  | Entered an ossuary
  7631 | Ossuary  | Noticed Menkaure
  7641 | Ossuary  | Killed Menkaure
  7719 | D:7      | Identified a scroll of acquirement
  7720 | D:7      | Acquired the +0 buckler of Delifob {Int+7}
  7840 | D:7      | Found Hoetirgh's Hydra Hut.
  7841 | D:7      | Noticed a seven-headed hydra
  7876 | D:7      | Reached ** piety under Okawaru
  7928 | D:7      | Reached skill level 1 in Shields
  8122 | D:7      | Found a bloodstained altar of Trog.
  8423 | D:7      | Found a corrupted altar of Lugonu.
  8423 | D:7      | Noticed a cyan ugly thing
  8517 | D:7      | Reached XP level 9. HP: 67/67 MP: 12/19
  8561 | D:7      | Noticed Dowan
  8563 | D:7      | Noticed Duvessa
  8563 | D:7      | Noticed Prince Ribbit
  8576 | D:7      | Killed Duvessa
  8576 | D:7      | Reached *** piety under Okawaru
  8576 | D:7      | Killed Dowan
  8577 | D:7      | Reached skill level 5 in Conjurations
  8578 | D:7      | Killed Prince Ribbit
  8579 | D:7      | Reached skill level 7 in Spellcasting
  8933 | D:7      | Found a transporter.
  8933 | D:7      | Noticed a white ugly thing
  8935 | D:7      | Found a transporter.
  8935 | D:7      | Noticed a red ugly thing
  9219 | D:8      | Reached **** piety under Okawaru
  9220 | D:8      | Reached skill level 8 in Spellcasting
  9220 | D:8      | Reached XP level 10. HP: 49/73 MP: 9/22
  9731 | D:8      | Found a staircase to the Lair.
  9752 | D:8      | Reached skill level 5 in Shields
 10225 | D:9      | Reached ***** piety under Okawaru
 10236 | D:9      | Reached skill level 9 in Spellcasting
 10555 | D:9      | Identified the +4 mace "Paguxang" {vorpal, *Noise rCorr
                  | MP+9 Dex+9}
 10603 | D:9      | Reached skill level 5 in Dodging
 11192 | D:10     | Entered Level 10 of the Dungeon
 11201 | D:10     | Reached XP level 11. HP: 31/80 MP: 9/24
 11455 | D:9      | Noticed a two-headed ogre
 11463 | D:9      | Killed a two-headed ogre
 11684 | D:9      | Reached skill level 5 in Short Blades
 11708 | D:9      | HP: 2/81 [orc warrior/+0 glaive of flaming (4)]
 11714 | D:9      | HP: 3/81 [orc warrior/+0 glaive of flaming (8)]
 12063 | D:9      | Found a staircase to the Orcish Mines.
 12937 | D:10     | Identified the +8 sling of Pisaon {flame, rPois}
 12983 | D:10     | Noticed Lodul
 12991 | D:10     | Received a gift from Okawaru
 12993 | D:10     | Reached ****** piety under Okawaru
 13003 | D:10     | Killed Lodul
 13207 | D:10     | Reached skill level 10 in Spellcasting
 13469 | D:10     | Reached skill level 1 in Ranged Weapons
 13872 | Lair:1   | Entered Level 1 of the Lair of Beasts
 13930 | Lair:1   | Identified the +1 robe "Kocrimu" {rPois rF+++ Int+3 Dex-5}
 14081 | Lair:1   | Received a gift from Okawaru
 14880 | Lair:1   | HP: 3/85 [polar bear (13)]
 14912 | Lair:1   | Slain by a polar bear

Illustrated notes

Levels and vault maps discovered:
D:1:      sevenhm_arrival_forest_fort_large_1, layout_rooms,
          hellmonk_ecumenical_altar_run_dry, reono_crystal_passage,
          minmay_small_reverse_x
D:2:      layout_loops_corners, serial_shops, nicolae_lakefront_shop
D:3:      layout_loops_corners, gammafunk_ghost_smash, hex_medium,
          grunt_ministairs_13, minmay_checkerbox
D:4:      layout_layer_cave, nicolae_qazlal_general_emergency,
          chequers_temple_overflow_minitemple,
          minmay_temple_entry_gardened_gates
D:6:      gammafunk_steamed_eel, layout_basic, portal_sewer_entry_e,
          minmay_misc_feat_square
D:7:      gammafunk_corrupted_shrine, layout_basic,
          mainiacjoe_overflow_tiny_flanked, enter_ossuary_2,
          doesnt_shop_hydraphobe, uniq_prince_ribbit1, uniq_duvessa
D:8:      layout_rooms, minmay_lair_entry_grove, skrybe_limestone_x
D:9:      kennysheep_housing_project, layout_cross, erik_orc_2
D:10:     layout_rooms, lemuel_another_geyser, uniq_lodul
Temple:   hellmonk_temple_two_chambers
Lair:1:   beast_lair_carwin_large_3, layout_long_grid, serial_bayou_shore_a

Skill      XL: |  1  2  3  4  5  6  7  8  9 10 11 |
---------------+----------------------------------+-----
Dodging        | 2 3 4 5 6 |  6.1
Stealth        | 2 3 4 |  4.1
Spellcasting   | 3 4 6 8 9 10 | 10.1
Conjurations   | 2 3 4 6 7 8 |  8.1
Fire Magic     | 4 5 6 7 8 |  8.7
Short Blades   | 1 4 5 |  5.2
Fighting       | 1 2 4 |  4.4
Shields        | 2 4 6 7 |  7.7
Ranged Weapons | 2 |  2.9
Invocations    | |  0.1
Evocations     | |  0.5

Action                   |  1- 3 |  4- 6 |  7- 9 | 10-12 || total
-------------------------+-------+-------+-------+-------++-------
Melee: Short sword       |    29 |    44 |       |       ||    73
       Tailslap          |     4 |    15 |    30 |    32 ||    81
       Dagger            |       |    48 |   165 |   207 ||   420
       Punch             |       |     3 |     2 |       ||     5
 Fire: Sling             |       |       |       |    72 ||    72
 Cast: Foxfire           |   103 |   123 |   147 |   202 ||   575
       Flame Wave        |       |       |    12 |    31 ||    43
Invok: Heroism           |       |       |     1 |       ||     1
 Abil: Breathe Dispellin |       |       |    21 |    27 ||    48
Evoke: Wand              |       |       |     3 |       ||     3
  Use: Scroll            |       |     3 |     6 |     5 ||    14
       Potion            |       |       |       |     4 ||     4
 Stab: Sleeping          |     1 |       |       |       ||     1
Armor: Skin              |    19 |    48 |    88 |   163 ||   318
Dodge: Dodged            |    61 |    70 |   161 |   282 ||   574
Block: Buckler           |       |       |    16 |    97 ||   113
